 Dungeon Crawl Stone Soup version 0.29-a0-824-gd827844252 (webtiles) character file.

Game seed: 11727476822048543258

47 coolguy69 the Cutter (level 3, -1/20 HPs)
             Began as a Vine Stalker Monk on July 10, 2022.
             Slain by a goblin
             ... wielding a +0 club
             ... led by Robin
              (2 damage)
             ... on level 3 of the Dungeon.
             The game lasted 00:01:20 (2375 turns).

coolguy69 the Cutter (Vine Stalker Monk)            Turns: 2375, Time: 00:01:21

Health: -1/20      AC:  2    Str: 15    XL:     3   Next: 70%
Magic:  0/4        EV: 13    Int: 10    God:
Gold:   131        SH:  0    Dex: 16    Spells: 2/2 levels left

rFire   . . .      SeeInvis .   a - +0 short sword
rCold   . . .      Faith    .   (no shield)
rNeg    . . .      Spirit   +   b - +0 robe
rPois   .          Reflect  .   (no helmet)
rElec   .          Harm     .   (no cloak)
rCorr   .          Rampage  .   (no gloves)
Will    .....                   (no boots)
Stlth   ++........              (no amulet)
HPRegen 0.06/turn               (no ring)
MPRegen 0.09/turn               (no ring)

@: no status effects
A: fangs 2, magic shield, antimagic bite, no potion heal 2
a: no special abilities


You were on level 3 of the Dungeon.
You visited 1 branch of the dungeon, and saw 3 of its levels.

You collected 131 gold pieces.

Inventory:

Hand Weapons
 a - a +0 short sword (weapon)
Armour
 b - a +0 robe (worn)
Wands
 k - a wand of digging (6)
Scrolls
 g - a scroll of teleportation {unknown}
 i - 2 scrolls of identify {unknown}
 j - a scroll of amnesia {unknown}
 l - a scroll of poison {unknown}
 m - a scroll of immolation {unknown}
 n - a scroll of fog {unknown}
Potions
 c - a potion of ambrosia
 d - a potion of attraction {unknown}
 e - a potion of invisibility {unknown}
 f - 4 potions of curing
 h - a potion of heal wounds
 o - 2 potions of degeneration {unknown}
 p - a potion of magic {unknown}


   Skills:
 + Level 3.0 Fighting
 + Level 3.3 Short Blades
 + Level 2.8 Dodging
 + Level 2.9 Stealth


You had 2 spell levels left.
You didn't know any spells.
Your spell library was empty.

Dungeon Overview and Level Annotations

Branches:
Dungeon (3/15)

Altars:
Wu Jian

Annotations:
D:3 Robin


Innate Abilities, Weirdness & Mutations

You have extremely sharp teeth.
When hurt, damage is shared between your health and your magic reserves.
Your bite disrupts and absorbs the magic of your enemies.
Potions cannot restore your health.


Message History

There are monsters nearby!
You hit Robin. You bite Robin. You drain their power.
Robin is moderately wounded.
The goblin barely misses you. The goblin hits you with a +0 dagger.
Robin hits you but does no damage.
There are monsters nearby!
You completely miss Robin.
Robin is moderately wounded.
The goblin hits you with a +0 dagger. The goblin closely misses you.
Robin hits you with a +0 spear. Robin attacks as you move away!
Robin completely misses you.
Robin hits you from afar with a +0 spear.
* * * LOW HITPOINT WARNING * * *
It was a potion of curing.
That felt strangely inert.
The goblin closely misses you.
Robin hits you from afar with a +0 spear.
* * * LOW HITPOINT WARNING * * *
It was a potion of heal wounds.
That seemed strangely inert.
The goblin misses you. Robin throws the goblin at you!
* * * LOW HITPOINT WARNING * * *
Okay, then.
You closely miss the goblin. The goblin barely misses you.
The goblin hits you but does no damage.
You barely miss the goblin. You bite the goblin. You drain its power.
You feel invigorated.
The goblin is heavily wounded.
The goblin misses you. x2; Robin closely misses you.
You barely miss the goblin.
The goblin is heavily wounded.
The goblin hits you but does no damage. Robin barely misses you.
The goblin hits you with a +0 club.
* * * LOW HITPOINT WARNING * * *
You hit the goblin.
You kill the goblin!
The goblin hits you with a +0 dagger. Robin throws the goblin at you!
You hit the goblin but do no damage. You bite the goblin. You drain its power.
You feel invigorated.
The goblin is moderately wounded.
The goblin closely misses you. The goblin hits you with a +0 club.
You die... ##.......## .##.........# ...........+ ..........# #..ggg..# #.gggg# #ggg#

#g# #@# #g#
######.####
#...<.....###
#.#...........
#.#.#####.##
.....# #
#.#...#
#.###.#


You could see Robin, 3 hobgoblins and 8 goblins.

Vanquished Creatures
  2 worms (D:2)
  2 dart slugs (D:1)
  3 endoplasms (D:1)
  3 giant cockroaches
  5 goblins
  2 hobgoblins
  3 kobolds (D:1)
  A quokka (D:1)
  2 ball pythons
  5 bats
  3 frilled lizards
  4 rats
35 creatures vanquished.

Vanquished Creatures (others)
  2 plants (D:2)
2 creatures vanquished.

Grand Total: 37 creatures vanquished

Notes
Turn   | Place    | Note
-------+----------+-------------------------------------------
     0 | D:1      | coolguy69 the Vine Stalker Monk began the quest for the
                  | Orb.
     0 | D:1      | Reached XP level 1. HP: 11/11 MP: 2/2
   357 | D:1      | Reached XP level 2. HP: 6/16 MP: 0/3
  1031 | D:1      | Found a faded altar of an unknown god.
  1049 | D:1      | Reached XP level 3. HP: 7/19 MP: 4/4
  2217 | D:2      | Found an ornate altar of the Wu Jian Council.
  2363 | D:3      | Noticed Robin
  2373 | D:3      | HP: 1/20 [goblin/+0 club[Robin] (1)]
  2375 | D:3      | Slain by a goblin

Illustrated notes

Levels and vault maps discovered:
D:1:      arrival_zaba_pyramid, layout_basic,
          hellmonk_ecumenical_altar_arch_garden, serial_bayou_pond_c, hex_tiny,
          hangedman_decor_growths
D:2:      layout_basic, serial_forest, infiniplex_forest_clump_diagonal,
          infiniplex_forest_join, infiniplex_forest_corner_1,
          infiniplex_forest_straight_1, infiniplex_forest_corner_1,
          infiniplex_forest_clump_tiny, basic_altar, grunt_ministairs_7
D:3:      layout_loops_corners, serial_shops, nicolae_shop_trees, uniq_jessica,
          uniq_robin

Skill      XL: |  1  2  3 |
---------------+----------+-----
Short Blades   | 3 |  3.3
Fighting       | 3 |  3.0
Dodging        | |  2.8
Stealth        | |  2.9

Action                   || total
-------------------------++-------
Melee: Short sword       ||   106
       Bite              ||    29
       Punch             ||     1
  Use: Potion            ||     2
 Stab: Sleeping          ||     6
Armor: Robe              ||    16
Dodge: Dodged            ||    74

Table legend: (Time is in decaauts)
 A = Elapsed time spent in this place.
 B = Non-inter-level travel time spent in this place.
 C = Inter-level travel time spent in this place.
 D = Time resting spent in this place.
 E = Time spent auto-exploring this place.
 F = Levels seen in this place.
 G = Mean time per level.
                   A        B        C        D        E       F      G
               +--------+--------+--------+--------+--------+-----+--------+
         Total |   2377 |   2298 |     79 |    197 |   1859 |   3 |  792.3 |
       Dungeon |   2377 |   2298 |     79 |    197 |   1859 |   3 |  792.3 |
               +--------+--------+--------+--------+--------+-----+--------+

Top non-repeatable levels by time:
     D:1: 1563 daAuts
     D:2: 792 daAuts
     D:3: 22 daAuts
